[Event "Titled Tuesday Blitz July 25 Early 2023"]
[White "chessmateto"]
[Black "Ionescu, Mihai"]
[BlackFideId "1202499"]
[WhiteElo "2325"]
[BlackElo "2425"]
[Result "1-0"]
[Round "11"]
[TimeControl "180+2"]
[Date "2023.07.25"]
[WhiteClock "0:01:38"]
[BlackClock "0:01:24"]
[Board "134"]

1. c4 b6 2. Nc3 Nf6 3. Nf3 Bb7 4. d4 e6 5. g3 Bb4 6. Bg2 O-O 7. O-O d5 8. cxd5 Nxd5 9. Qc2 Nf6 10. Bg5 h6 11. Bxf6 Qxf6 12. e4 Nc6 13. Rad1 Rfd8 14. d5 exd5 15. Nxd5 Qd6 16. Nxb6 axb6 17. Rxd6 Rxd6 18. a3 Bc5 19. Rd1 Rad8 20. Rxd6 Rxd6 21. b4 Bd4 22. b5 Ne5 23. Qxc7 Nxf3+ 24. Bxf3 Bc5 25. Qxb7 1-0


[Site "https://www.chess.com"]

[Event "Titled Tuesday Blitz July 25 Early 2023"]
[White "Vivas Zamora, Fabian Ernesto"]
[Black "Schut, Han"]
[WhiteFideId "3902480"]
[BlackFideId "1005561"]
[WhiteElo "2416"]
[BlackElo "2285"]
[Result "1-0"]
[Round "11"]
[TimeControl "180+2"]
[Date "2023.07.25"]
[WhiteClock "0:02:14"]
[BlackClock "0:00:17"]
[Board "135"]

1. e4 c5 2. Nc3 Nc6 3. Bb5 Nd4 4. Nf3 Nxb5 5. Nxb5 Nf6 6. e5 Nd5 7. Ng5 e6 8. Ne4 f5 9. Ned6+ Bxd6 10. Nxd6+ Kf8 11. Qh5 Qe7 12. d4 g6 13. Qh6+ Qg7 14. Qh4 Ne7 15. Bh6 1-0


[Site "https://www.chess.com"]

[Event "Titled Tuesday Blitz July 25 Early 2023"]
[White "Araujo Filho, Luiz Antonio Coel"]
[Black "Herman, Daniel"]
[WhiteFideId "2130661"]
[BlackFideId "30935008"]
[WhiteElo "2283"]
[BlackElo "2402"]
[Result "1-0"]
[Round "11"]
[TimeControl "180+2"]
[Date "2023.07.25"]
[WhiteClock "0:00:07"]
[BlackClock "0:00:00"]
[Board "136"]

1. d4 Nf6 2. Nf3 g6 3. c4 Bg7 4. Nc3 d5 5. cxd5 Nxd5 6. e4 Nxc3 7. bxc3 O-O 8. Be2 c5 9. O-O Nc6 10. Be3 cxd4 11. cxd4 Bg4 12. e5 Nb4 13. Qb3 Nd5 14. Rab1 b6 15. h3 Bf5 16. Rbc1 Be6 17. Ng5 Bc8 18. Bf3 Bb7 19. e6 f5 20. Nf7 Rxf7 21. exf7+ Kxf7 22. Rfe1 e6 23. Qc2 Rc8 24. Qb2 Rxc1 25. Bxc1 Qc7 26. Bd2 Qc4 27. Rc1 Qxd4 28. Qxd4 Bxd4 29. Bxd5 Bxd5 30. Rc7+ Kf6 31. Rxa7 g5 32. Rxh7 Bxa2 33. Rh6+ Kg7 34. Bxg5 b5 35. Rh4 e5 36. Bd2 Bc4 37. g4 1-0


[Site "https://www.chess.com"]

[Event "Titled Tuesday Blitz July 25 Early 2023"]
[White "Bueno, Alfeu Junior Varela"]
[Black "Kohler, Aran"]
[WhiteFideId "2108879"]
[BlackFideId "1002856"]
[WhiteElo "2390"]
[BlackElo "2263"]
[Result "1-0"]
[Round "11"]
[TimeControl "180+2"]
[Date "2023.07.25"]
[WhiteClock "0:00:07"]
[BlackClock "0:00:01"]
[Board "137"]

1. e4 c5 2. Nc3 e6 3. f4 a6 4. g3 b5 5. Bg2 Bb7 6. Qe2 Qc7 7. e5 Bxg2 8. Qxg2 Qc6 9. Ne4 f5 10. exf6 Nxf6 11. d3 Nxe4 12. dxe4 Be7 13. Ne2 O-O 14. O-O a5 15. e5 Qxg2+ 16. Kxg2 Nc6 17. Be3 Nb4 18. Rfc1 d5 19. exd6 Bxd6 20. a3 Nd5 21. Bf2 c4 22. Nd4 Rfe8 23. Nxb5 Bf8 24. Re1 Rab8 25. a4 Kf7 26. Bd4 Bb4 27. Re2 Rbc8 28. Rf1 g6 29. c3 Bf8 30. Rfe1 h5 31. Kf3 Rc6 32. Re5 Bg7 33. R5e4 Bxd4 34. Rxd4 Rb8 35. Ree4 Nb6 36. Re5 Nxa4 37. Nd6+ Kg7 38. Nxc4 Nxb2 39. Rd7+ Kf6 40. Nd6 Rxd6 41. Rxd6 a4 42. Rexe6+ Kf7 43. Rf6+ Ke7 44. Rfe6+ Kf7 45. Rb6 Ra8 46. Rxb2 a3 47. Rbb6 a2 48. Rf6+ Ke7 49. Rbe6+ Kd7 50. Ra6 a1=Q 51. Rxa1 Rxa1 52. Rxg6 Ra3 53. Rg5 Rxc3+ 54. Kg2 Rc2+ 55. Kh3 h4 56. g4 Ke6 57. Re5+ Kf6 58. Re3 Kg6 59. Rf3 Kf6 60. Kxh4 Rxh2+ 61. Kg3 Ra2 62. Rc3 Ke6 63. Rc6+ Kd5 64. Rc1 Ke4 65. Re1+ Kd5 66. f5 Ra3+ 67. Kf4 Ra4+ 68. Kg5 Ra2 69. f6 Rf2 70. Kg6 Kd6 71. g5 Kd7 72. Kg7 1-0


[Site "https://www.chess.com"]

[Event "Titled Tuesday Blitz July 25 Early 2023"]
[White "Khouri, Ahmed Abbas"]
[Black "Tarasova, Viktoriya"]
[WhiteFideId "9301518"]
[BlackFideId "4175840"]
[WhiteElo "2233"]
[BlackElo "2380"]
[Result "1-0"]
[Round "11"]
[TimeControl "180+2"]
[Date "2023.07.25"]
[WhiteClock "0:01:18"]
[BlackClock "0:00:00"]
[Board "138"]

1. e4 c5 2. Nf3 d6 3. d4 cxd4 4. Qxd4 Nc6 5. Bb5 Bd7 6. Bxc6 Bxc6 7. Nc3 Nf6 8. Bg5 e6 9. O-O-O Be7 10. Qd3 O-O 11. Nd4 Qa5 12. h4 Rfc8 13. Kb1 Be8 14. f4 a6 15. g4 b5 16. Bxf6 Bxf6 17. g5 Be7 18. h5 b4 19. Nce2 Bd7 20. g6 fxg6 21. hxg6 h6 22. f5 exf5 23. exf5 Rf8 24. Ng3 Bf6 25. Qd2 Qe5 26. Rxh6 Qxg3 27. Rh7 1-0


[Site "https://www.chess.com"]

[Event "Titled Tuesday Blitz July 25 Early 2023"]
[White "Ramirez Vido, Robert Yorisan"]
[Black "Sariego Figueredo, Wilfredo"]
[WhiteFideId "3513823"]
[BlackFideId "3500080"]
[WhiteElo "2374"]
[BlackElo "2221"]
[Result "0-1"]
[Round "11"]
[TimeControl "180+2"]
[Date "2023.07.25"]
[WhiteClock "0:00:00"]
[BlackClock "0:01:05"]
[Board "139"]

1. e4 c5 2. Nf3 a6 3. b3 Nc6 4. Bb2 d6 5. Be2 e6 6. O-O e5 7. c3 Nf6 8. d4 cxd4 9. cxd4 Bg4 10. dxe5 Bxf3 11. Bxf3 dxe5 12. Nc3 Qxd1 13. Raxd1 Nd4 14. Nd5 Nxf3+ 15. gxf3 Nxd5 16. exd5 f6 17. Rfe1 Kd7 18. f4 exf4 19. Re4 Bd6 20. Re6 Rhe8 21. Rde1 Rxe6 22. dxe6+ Ke7 23. Kg2 Rc8 24. Re2 Rc6 25. Kf3 Bc7 26. Ba3+ Bd6 27. Bc1 Be5 28. Bxf4 Bxf4 29. Kxf4 Rxe6 30. Rc2 Kd7 31. f3 Re5 32. h4 h6 33. Rd2+ Ke7 34. Rc2 g5+ 35. hxg5 hxg5+ 36. Kg4 Rd5 37. Rh2 Ke6 38. Re2+ Re5 39. Rc2 Rd5 40. Re2+ Kd6 41. Re8 Rd4+ 42. Kg3 a5 43. Rb8 Kc6 44. Ra8 b6 45. Rf8 Rf4 46. Rc8+ Kd5 47. Rc3 b5 48. Rd3+ Kc5 49. a3 a4 50. b4+ Kc4 51. Re3 Rd4 52. Re6 f5 53. Rg6 g4 54. f4 Rd3+ 55. Kh4 Rxa3 56. Kg5 Kxb4 57. Kxf5 Rf3 0-1


[Site "https://www.chess.com"]

[Event "Titled Tuesday Blitz July 25 Early 2023"]
[White "Kiseljova, Marya"]
[Black "Topalov, Aleksandar"]
[WhiteFideId "4155009"]
[BlackFideId "925659"]
[WhiteElo "2159"]
[BlackElo "2365"]
[Result "1-0"]
[Round "11"]
[TimeControl "180+2"]
[Date "2023.07.25"]
[WhiteClock "0:00:57"]
[BlackClock "0:00:00"]
[Board "140"]

1. d4 f5 2. Nf3 Nf6 3. c4 e6 4. g3 Be7 5. Bg2 O-O 6. O-O d6 7. Nc3 Ne4 8. Nd2 Nxc3 9. bxc3 Nc6 10. e4 e5 11. d5 Na5 12. Qa4 b6 13. c5 dxc5 14. Rd1 Bd6 15. Qc2 f4 16. gxf4 exf4 17. Nf3 Bg4 18. Re1 Bxf3 19. Bxf3 Nc4 20. Kh1 Ne5 21. Qe2 Qh4 22. Rg1 Rf6 23. Bd2 Rh6 24. Rg2 Qh3 25. Bg4 Qh4 26. Rag1 Kh8 27. f3 Rf8 28. Qf2 Qf6 29. Bf5 g6 30. Be6 a5 31. a4 1-0


[Site "https://www.chess.com"]

[Event "Titled Tuesday Blitz July 25 Early 2023"]
[White "Feliz Dotel, Dewar Bienvenido"]
[Black "Alahakoon, Isuru"]
[WhiteFideId "6402801"]
[BlackFideId "9900993"]
[WhiteElo "2096"]
[BlackElo "2338"]
[Result "0-1"]
[Round "11"]
[TimeControl "180+2"]
[Date "2023.07.25"]
[WhiteClock "0:00:03"]
[BlackClock "0:00:14"]
[Board "141"]

1. d4 d5 2. e3 Nf6 3. Nf3 c5 4. dxc5 Nc6 5. a3 a5 6. c4 e6 7. cxd5 exd5 8. Nc3 Bxc5 9. Be2 O-O 10. O-O Re8 11. b3 Bg4 12. Bb2 Rc8 13. Rc1 Qe7 14. Nxd5 Nxd5 15. Qxd5 Bxa3 16. Bxa3 Qxa3 17. Bc4 Be6 18. Qh5 g6 19. Qh6 Bxc4 20. Rxc4 Qf8 21. Qg5 Qe7 22. Qh6 Qf6 23. Rfc1 Ne7 24. Ng5 Qg7 25. Qh3 Rxc4 26. bxc4 Nc6 27. Qd7 Re7 28. Qc8+ Qf8 29. Qh3 f6 30. Nf3 Qd8 31. Qh4 Kg7 32. h3 Rd7 33. Qe4 Rd1+ 34. Rxd1 Qxd1+ 35. Kh2 Qd6+ 36. g3 a4 37. Nd4 Nxd4 38. exd4 b6 39. Qc2 a3 40. c5 bxc5 41. dxc5 Qa6 42. c6 a2 43. c7 a1=Q 44. c8=Q Qxc8 45. Qxc8 Qd4 46. Qb7+ Kh6 47. Kg2 f5 48. Qe7 Qd5+ 49. Kg1 Qd4 50. Qf8+ Kg5 51. Qe7+ Kh6 52. Qe2 Kg7 53. Qe7+ Kg8 54. Qe8+ Kg7 55. Qc6 Qd1+ 56. Kg2 Qd8 57. h4 Kg8 58. Qc5 Qe8 59. h5 Kg7 60. hxg6 Qxg6 61. Qc7+ Qf7 62. Qxf7+ Kxf7 63. Kf3 Kf6 64. Kf4 Kg6 65. Ke5 Kg5 66. f3 h5 67. Ke6 f4 68. gxf4+ Kxf4 69. Kf6 h4 70. Kg6 h3 71. Kh5 h2 72. Kg6 h1=Q 73. Kf6 Qxf3 74. Ke6 Qe4+ 75. Kd6 Qf5 76. Kc7 Ke5 77. Kc6 Qe6+ 78. Kb5 Qd5+ 79. Kb4 Kd4 80. Ka4 Qc6+ 81. Kb4 Qc5+ 82. Ka4 Qb6 83. Ka3 Kc3 84. Ka4 Qb4# 0-1


[Site "https://www.chess.com"]

[Event "Titled Tuesday Blitz July 25 Early 2023"]
[White "laimis61"]
[Black "Rodchenkov, Sergey D."]
[BlackFideId "4168712"]
[WhiteElo "2281"]
[BlackElo "2509"]
[Result "0-1"]
[Round "11"]
[TimeControl "180+2"]
[Date "2023.07.25"]
[WhiteClock "0:00:00"]
[BlackClock "0:01:32"]
[Board "142"]

1. e4 c5 2. Nf3 d6 3. d4 cxd4 4. Nxd4 Nf6 5. Nc3 a6 6. h3 e5 7. Nde2 h5 8. g3 b5 9. Bg2 Nbd7 10. Be3 Be7 11. O-O Nb6 12. Bxb6 Qxb6 13. Nd5 Nxd5 14. exd5 f5 15. Qd2 g5 16. Kh1 h4 17. f4 hxg3 18. fxe5 dxe5 19. d6 Bb7 20. Ng1 g4 21. Bxb7 Qxb7+ 22. Qg2 Qxg2+ 23. Kxg2 Bxd6 24. Rxf5 O-O-O 25. hxg4 Rh2+ 26. Kf3 Rxc2 27. Ne2 g2 28. Rg1 e4+ 29. Ke3 Bc5+ 30. Rxc5+ Rxc5 31. Rxg2 Rd3+ 32. Kxe4 Rd2 33. Rf2 Rd7 34. Nd4 Rc4 35. Rd2 Kc7 36. g5 Kb6 37. g6 Kc5 38. Ke5 Rcxd4 39. Rxd4 Rxd4 40. g7 Rg4 0-1


[Site "https://www.chess.com"]

[Event "Titled Tuesday Blitz July 25 Early 2023"]
[White "Pasti, Aron"]
[Black "Fernandez Bustamante, Leancy B."]
[WhiteFideId "785857"]
[BlackFideId "3523870"]
[WhiteElo "2425"]
[BlackElo "2272"]
[Result "1-0"]
[Round "11"]
[TimeControl "180+2"]
[Date "2023.07.25"]
[WhiteClock "0:01:44"]
[BlackClock "0:00:00"]
[Board "143"]

1. e4 c5 2. d4 cxd4 3. c3 dxc3 4. Nxc3 e6 5. Nf3 d6 6. Bc4 Ne7 7. O-O Ng6 8. Qe2 Nc6 9. Rd1 Be7 10. Qd2 O-O 11. Nb5 Nce5 12. Nxe5 dxe5 13. Qe2 Qb6 14. Be3 Qa5 15. a3 Nf4 16. Bxf4 exf4 17. b4 Qb6 18. Qf3 a6 19. Nc3 Bf6 20. Rac1 Be5 21. Ne2 g5 22. h4 h6 23. hxg5 hxg5 24. Qh5 Bf6 25. e5 Be7 26. Nd4 Bd7 27. Nf3 Bc6 28. Nxg5 Bxg5 29. Qxg5+ Kh8 30. Rd3 f3 31. Qh6+ Kg8 32. gxf3 Rfd8 33. Rcd1 Rxd3 34. Rxd3 Rd8 35. Qg5+ Kh7 36. Rxd8 1-0


[Site "https://www.chess.com"]

[Event "Titled Tuesday Blitz July 25 Early 2023"]
[White "Begunov, Konstantin"]
[Black "Fernandez Hernandez, Gerardo"]
[WhiteFideId "4118510"]
[BlackFideId "2207400"]
[WhiteElo "2396"]
[BlackElo "2233"]
[Result "1-0"]
[Round "11"]
[TimeControl "180+2"]
[Date "2023.07.25"]
[WhiteClock "0:00:20"]
[BlackClock "0:00:00"]
[Board "145"]

1. d4 Nf6 2. c4 c5 3. Nf3 cxd4 4. Nxd4 e5 5. Nb5 d5 6. cxd5 Bb4+ 7. Bd2 Bc5 8. d6 O-O 9. Nc7 Qxd6 10. Nxa8 Ne4 11. e3 Rd8 12. a3 a5 13. Be2 Be6 14. Bf3 Bb3 15. Qxb3 Nxd2 16. Nxd2 Qxd2+ 17. Kf1 Nc6 18. Rd1 a4 19. Rxd2 1-0


[Site "https://www.chess.com"]

[Event "Titled Tuesday Blitz July 25 Early 2023"]
[White "campochess"]
[Black "Wernberg, Hugo"]
[BlackFideId "1737511"]
[WhiteElo "2156"]
[BlackElo "2336"]
[Result "0-1"]
[Round "11"]
[TimeControl "180+2"]
[Date "2023.07.25"]
[WhiteClock "0:00:08"]
[BlackClock "0:00:04"]
[Board "146"]

1. e4 e5 2. Bc4 Nc6 3. c3 Nf6 4. d3 Bc5 5. Nf3 O-O 6. O-O d5 7. exd5 Nxd5 8. h3 Nb6 9. Bb5 Bd6 10. Re1 Re8 11. Nbd2 Bd7 12. Ne4 a6 13. Nxd6 cxd6 14. Ba4 Nxa4 15. Qxa4 d5 16. Qd1 e4 17. dxe4 dxe4 18. Ng5 Bf5 19. Qb3 Qf6 20. f3 exf3 21. Nxf3 Bxh3 22. Bg5 Qf5 23. Qxb7 Qg4 24. Nh4 Qxg5 25. Qxc6 Rxe1+ 26. Rxe1 Rf8 27. Kh2 Qxh4 28. Qe4 Qxe4 29. Rxe4 Be6 30. b3 Rc8 31. c4 Kf8 32. Rd4 Ke7 33. Kg3 Rd8 34. Rh4 Rd3+ 35. Kf4 Rd2 36. g4 Rxa2 37. Rxh7 Rb2 38. Rxg7 Rxb3 39. Ke5 Rg3 40. g5 Rc3 41. g6 Rxc4 42. gxf7 Bxf7 43. Rg1 a5 44. Ra1 a4 45. Ra3 Rb4 46. Rc3 Bb3 47. Rc7+ Kd8 48. Ra7 Kc8 49. Kd6 Kb8 50. Ra5 Rb7 51. Kc5 Ra7 52. Rb5+ Kc7 53. Kb4 a3 54. Rc5+ Kd6 55. Rc1 a2 56. Ra1 Be6 57. Kc3 Rb7 58. Rd1+ Bd5 59. Rg1 Rb1 60. Rg6+ Be6 61. Rg8 a1=Q+ 0-1


[Site "https://www.chess.com"]

[Event "Titled Tuesday Blitz July 25 Early 2023"]
[White "Hrescak, Ivana"]
[Black "Fajdetic, Hrvoje"]
[WhiteFideId "14613441"]
[BlackFideId "14501945"]
[WhiteElo "2139"]
[BlackElo "2328"]
[Result "1-0"]
[Round "11"]
[TimeControl "180+2"]
[Date "2023.07.25"]
[WhiteClock "0:00:08"]
[BlackClock "0:00:00"]
[Board "147"]

1. e4 e6 2. d4 d5 3. Nc3 dxe4 4. Nxe4 Nd7 5. Nf3 Ngf6 6. Ng3 Bd6 7. Bd3 c5 8. O-O Qc7 9. c3 a6 10. Bg5 b6 11. Re1 Bb7 12. Ne4 Bf4 13. Bxf6 gxf6 14. dxc5 bxc5 15. g3 Rg8 16. Kf1 Be5 17. Bc4 O-O-O 18. Qe2 Qc6 19. Rad1 Bc7 20. Qe3 f5 21. Neg5 Rxg5 22. Nxg5 Qg2+ 23. Ke2 f4 24. Qd3 fxg3 25. hxg3 Bxg3 26. Qxg3 Qxg3 27. fxg3 Ne5 28. Rxd8+ Kxd8 29. Bd3 Ke7 30. Be4 Bc8 31. Nf3 Nc4 32. b3 Nd6 33. Bxh7 a5 34. Bd3 Bb7 35. Ne5 f6 36. Nc4 Nc8 37. Nxa5 Ba8 38. Nc4 Kf7 39. Kd2 Ne7 40. Be4 Nd5 41. Bxd5 exd5 42. Ne3 Bc6 43. a4 Kg6 44. a5 Kg5 45. a6 d4 46. cxd4 cxd4 47. Nc4 f5 48. a7 Kg4 49. Re6 Bg2 50. Rg6+ Kh3 51. Rg8 Kh2 52. Ne5 Bd5 53. Nd3 Be4 54. Nf4 Kg1 55. b4 Kf2 56. b5 1-0


[Site "https://www.chess.com"]

[Event "Titled Tuesday Blitz July 25 Early 2023"]
[White "Goughfather"]
[Black "Vifleemskaia, Svetlana"]
[BlackFideId "4129490"]
[WhiteElo "2066"]
[BlackElo "2317"]
[Result "0-1"]
[Round "11"]
[TimeControl "180+2"]
[Date "2023.07.25"]
[WhiteClock "0:00:00"]
[BlackClock "0:00:07"]
[Board "148"]

1. d4 Nf6 2. Nc3 d5 3. Bf4 a6 4. e3 Bf5 5. Nf3 e6 6. a3 h6 7. Ne5 c5 8. g4 Bh7 9. Bd3 Bxd3 10. Qxd3 Nc6 11. dxc5 Bxc5 12. h3 Nd7 13. Nxd7 Qxd7 14. O-O-O O-O-O 15. e4 d4 16. Ne2 e5 17. Bg3 f6 18. f4 Kb8 19. Nc3 Qe6 20. Nd5 Rxd5 21. exd5 Qxd5 22. fxe5 fxe5 23. Qf5 Bd6 24. Rhe1 Rc8 25. Qe4 Qa2 26. Kd2 Qxb2 27. Qd3 Bxa3 28. Ke2 Bd6 29. Rb1 Qa2 30. Qb3 Qxb3 31. Rxb3 Kc7 32. Reb1 b5 33. Kd3 Ra8 34. Ke4 Na5 35. R3b2 Nc4 36. Ra2 Kc6 37. Rf1 Nd2+ 38. Kf5 Nxf1 39. c3 Ne3+ 40. Ke4 Bc5 41. Bxe5 Nc4 42. cxd4 Nxe5 43. dxe5 a5 44. Kf5 b4 0-1


[Site "https://www.chess.com"]

[Event "Titled Tuesday Blitz July 25 Early 2023"]
[White "Viskelis, Darius"]
[Black "Larina, Maria"]
[WhiteFideId "12800830"]
[BlackFideId "24113182"]
[WhiteElo "2310"]
[BlackElo "2127"]
[Result "1-0"]
[Round "11"]
[TimeControl "180+2"]
[Date "2023.07.25"]
[WhiteClock "0:02:53"]
[BlackClock "0:02:20"]
[Board "149"]

1. e4 c6 2. d4 d5 3. exd5 cxd5 4. c4 Nf6 5. Nc3 e6 6. cxd5 Nxd5 7. Nf3 Bb4 8. Bd2 Bd7 9. Nxd5 Bxd2+ 10. Qxd2 exd5 11. Bd3 O-O 12. O-O Nc6 13. Ne5 Nxe5 14. dxe5 Re8 15. f4 Qb6+ 16. Kh1 Qd4 17. Bxh7+ 1-0


[Site "https://www.chess.com"]

[Event "Titled Tuesday Blitz July 25 Early 2023"]
[White "Zepeda Berlanga, Jan Enrique"]
[Black "UgarteCesar"]
[WhiteFideId "5132355"]
[WhiteElo "1881"]
[BlackElo "2283"]
[Result "0-1"]
[Round "11"]
[TimeControl "180+2"]
[Date "2023.07.25"]
[WhiteClock "0:00:14"]
[BlackClock "0:01:04"]
[Board "150"]

1. c4 e6 2. Nf3 d5 3. Nc3 Nf6 4. g3 Nbd7 5. cxd5 exd5 6. Bg2 c6 7. d4 Be7 8. O-O O-O 9. Bf4 h6 10. Re1 Re8 11. Rc1 Qb6 12. Qd2 Bb4 13. a3 Ne4 14. Qd3 Nxc3 15. axb4 Ne4 16. Nd2 Ndf6 17. Nxe4 Nxe4 18. Bd2 Bf5 19. Qf3 Bg6 20. Bc3 Re6 21. e3 Rf6 22. Qd1 Nxf2 23. Qe2 Re8 24. Rf1 Ne4 25. Rxf6 Nxf6 26. Re1 Qd8 27. b5 Qe7 28. bxc6 bxc6 29. Qa6 Qd7 30. h3 Nh5 31. Kh2 Qd6 32. Re2 Nxg3 33. Kg1 Nxe2+ 34. Qxe2 Qg3 35. Bd2 Be4 36. Be1 Qxg2+ 37. Qxg2 Bxg2 38. Kxg2 Rxe3 39. Bc3 f5 40. h4 g5 41. hxg5 hxg5 42. Kf2 Re4 43. Kf3 Kf7 44. Kf2 Kg6 45. Kf3 Kh5 46. Kg3 a6 47. Kf3 Kh4 48. Kf2 Kg4 49. Kg2 Re2+ 50. Kf1 Kf3 51. Kg1 g4 52. Kf1 g3 53. Kg1 Rc2 54. Be1 Rc1 55. Kf1 Rxe1+ 0-1


[Site "https://www.chess.com"]

[Event "Titled Tuesday Blitz July 25 Early 2023"]
[White "Maluco_do_Natal_00"]
[Black "Atanasov, Radislav"]
[BlackFideId "2901471"]
[WhiteElo "2052"]
[BlackElo "2230"]
[Result "1-0"]
[Round "11"]
[TimeControl "180+2"]
[Date "2023.07.25"]
[WhiteClock "0:00:03"]
[BlackClock "0:00:00"]
[Board "151"]

1. e4 e5 2. Nf3 Nc6 3. Bb5 a6 4. Ba4 Nf6 5. O-O Nxe4 6. d4 b5 7. Bb3 d5 8. dxe5 Be6 9. c3 Bc5 10. Qe2 O-O 11. Nbd2 Bf5 12. a4 Rb8 13. axb5 axb5 14. Ra6 Bb6 15. h3 Ng3 16. Qe1 Nxf1 17. Nxf1 Be4 18. Ng5 Nxe5 19. Nxe4 dxe4 20. Qxe4 Re8 21. Qf5 g6 22. Qf4 Qd6 23. Ng3 Bxf2+ 24. Qxf2 Qxa6 25. Ne4 Re7 26. Bg5 Rd7 27. Nf6+ Kg7 28. Nxd7 Nxd7 29. Qxf7+ Kh8 30. Bh6 Qf6 31. Qxd7 Rd8 32. Qxc7 Re8 33. Kh2 Qe5+ 34. Qxe5+ 1-0


[Site "https://www.chess.com"]

[Event "Titled Tuesday Blitz July 25 Early 2023"]
[White "KSho99"]
[Black "ivana_999"]
[WhiteElo "2204"]
[BlackElo "2063"]
[Result "1-0"]
[Round "11"]
[TimeControl "180+2"]
[Date "2023.07.25"]
[WhiteClock "0:00:23"]
[BlackClock "0:00:00"]
[Board "152"]

1. Nf3 d5 2. e3 c5 3. b3 Nc6 4. Bb2 Nf6 5. Bb5 Bg4 6. h3 Bh5 7. g4 Bg6 8. Ne5 Qc7 9. d3 a6 10. Bxc6+ bxc6 11. f4 e6 12. h4 h5 13. g5 Ng4 14. Nxg4 hxg4 15. Qxg4 Bh5 16. Qg3 Rg8 17. Nd2 g6 18. Nf3 Bxf3 19. Qxf3 Bg7 20. Bxg7 Rxg7 21. O-O-O c4 22. dxc4 Qa5 23. Kb2 Rb8 24. cxd5 cxd5 25. e4 Qc5 26. exd5 a5 27. dxe6 1-0


[Site "https://www.chess.com"]

[Event "Titled Tuesday Blitz July 25 Early 2023"]
[White "Gyulamiryan-koryun"]
[Black "SoyuzTM4"]
[WhiteElo "2061"]
[BlackElo "2181"]
[Result "0-1"]
[Round "11"]
[TimeControl "180+2"]
[Date "2023.07.25"]
[WhiteClock "0:00:16"]
[BlackClock "0:00:39"]
[Board "153"]

1. d4 Nf6 2. c4 g6 3. Nf3 Bg7 4. g3 c5 5. Bg2 O-O 6. O-O cxd4 7. Nxd4 Nc6 8. Nc2 d6 9. Nc3 a6 10. e4 Be6 11. Qe2 Rc8 12. h3 Qd7 13. Kh2 Ne5 14. b3 b5 15. f4 Nc6 16. cxb5 axb5 17. Bb2 b4 18. Na4 Qb7 19. Ne3 Bd7 20. Rac1 Qb8 21. Rfd1 Be8 22. Nc4 Qb5 23. Nab6 Rb8 24. Nd5 Nxd5 25. Rxd5 Qa6 26. Bxg7 Kxg7 27. e5 dxe5 28. fxe5 e6 29. Rd6 Ra8 30. Ne3 Qxe2 0-1


[Site "https://www.chess.com"]

[Event "Titled Tuesday Blitz July 25 Early 2023"]
[White "Semenova, Alina"]
[Black "Kuchava, Ana"]
[WhiteFideId "24113875"]
[BlackFideId "13605348"]
[WhiteElo "2086"]
[BlackElo "2200"]
[Result "0-1"]
[Round "11"]
[TimeControl "180+2"]
[Date "2023.07.25"]
[WhiteClock "0:00:21"]
[BlackClock "0:00:18"]
[Board "154"]

1. e4 c5 2. Nf3 d6 3. d4 cxd4 4. Nxd4 Nf6 5. Nc3 Nc6 6. Bc4 e6 7. f3 a6 8. a4 Be7 9. Be3 Bd7 10. Qd2 Ne5 11. Be2 Rc8 12. O-O O-O 13. Rad1 Nc4 14. Bxc4 Rxc4 15. b3 Rc8 16. Nce2 Qc7 17. c4 Bc6 18. Nxc6 bxc6 19. b4 d5 20. cxd5 cxd5 21. exd5 Nxd5 22. Rb1 a5 23. Bc5 Bxc5+ 24. bxc5 Qxc5+ 25. Kh1 Nb4 26. Rfc1 Qh5 27. Ng3 Qe5 28. f4 Qd5 29. Qxd5 Nxd5 30. f5 Rfd8 31. fxe6 fxe6 32. Kg1 Nb4 33. Ne4 e5 34. Rxc8 Rxc8 35. Nd6 Rc2 36. Nb7 Nc6 37. Rb5 e4 38. Nxa5 e3 39. Kf1 Nd4 40. Rd5 Rc1# 0-1


[Site "https://www.chess.com"]

[Event "Titled Tuesday Blitz July 25 Early 2023"]
[White "Cardenas Carbajal, Nilson"]
[Black "Navyblue1"]
[WhiteFideId "8401128"]
[WhiteElo "2142"]
[BlackElo "1933"]
[Result "0-1"]
[Round "11"]
[TimeControl "180+2"]
[Date "2023.07.25"]
[WhiteClock "0:00:14"]
[BlackClock "0:00:14"]
[Board "155"]

1. e4 c5 2. d4 cxd4 3. c3 Nf6 4. e5 Nd5 5. Nf3 Nc6 6. cxd4 d6 7. Bc4 Nb6 8. Bb5 Bd7 9. exd6 e6 10. O-O Bxd6 11. Nc3 O-O 12. d5 exd5 13. Nxd5 Nxd5 14. Qxd5 Be6 15. Qh5 Qc7 16. Bd3 g6 17. Qh6 f6 18. Re1 Bf7 19. Bd2 Rae8 20. Bc3 Rxe1+ 21. Rxe1 Ne5 22. Nxe5 Bxe5 23. Bxe5 fxe5 24. h4 Bxa2 25. h5 Qg7 26. Qg5 gxh5 27. Qxh5 Bd5 28. g3 Bf3 29. Qxe5 Qxe5 30. Rxe5 Rd8 31. Bc4+ Kh8 32. Re1 Rc8 33. Bf1 Rd8 34. Re3 Bc6 35. f4 Re8 36. Rxe8+ Bxe8 37. Kf2 Kg7 38. Bg2 b6 39. Ke3 h5 40. Kd4 Kf6 41. b4 a5 42. bxa5 bxa5 43. Bd5 a4 44. Kc3 Bd7 45. Kb4 Kf5 46. Bg2 Kg4 47. Be4 Kxg3 48. f5 Kf4 49. Bc2 Ke5 50. Bd1 h4 51. Bf3 Kxf5 52. Bg2 Kf4 53. Bf1 Kg3 54. Ka3 Bc6 55. Kb4 Bg2 56. Bc4 h3 57. Be6 h2 58. Bf5 h1=Q 59. Bc2 Qh4+ 60. Ka3 Bc6 61. Bxa4 Qxa4+ 62. Kb2 Qb5+ 63. Kc3 Bf3 64. Kd2 Qd5+ 65. Kc3 Qe4 66. Kb2 Qe2+ 67. Kc3 Kf4 68. Kb4 Qd1 69. Kc3 Be2 70. Kb2 Qd3 71. Ka2 Qc4+ 72. Kb2 Bd3 73. Ka3 Qc3+ 74. Ka2 Bc4+ 75. Kb1 Qd2 76. Ka1 Ke4 77. Kb1 Kd4 78. Ka1 Kc3 79. Kb1 Qb2# 0-1


[Site "https://www.chess.com"]

[Event "Titled Tuesday Blitz July 25 Early 2023"]
[White "Jahnz, Fabian"]
[Black "djjohnnywoo"]
[WhiteFideId "4653300"]
[WhiteElo "2071"]
[BlackElo "2133"]
[Result "1-0"]
[Round "11"]
[TimeControl "180+2"]
[Date "2023.07.25"]
[WhiteClock "0:01:22"]
[BlackClock "0:00:17"]
[Board "156"]

1. e4 c5 2. Nf3 g6 3. d4 cxd4 4. Nxd4 Bg7 5. Be3 Nc6 6. c4 d6 7. Nc3 Nf6 8. Be2 O-O 9. O-O Nxd4 10. Bxd4 Be6 11. Rc1 Nd7 12. Bxg7 Kxg7 13. Nd5 Bxd5 14. cxd5 Qb6 15. Qd2 Rac8 16. Rc3 Rxc3 17. Qxc3+ Kg8 18. h4 Nf6 19. Bd3 h5 20. b4 Ng4 21. a4 a6 22. Be2 Ne5 23. Kh2 Qa7 24. f4 Ng4+ 25. Bxg4 hxg4 26. Kg3 f5 27. h5 gxh5 28. Rh1 Rf6 29. Rxh5 Qg1 30. Qc8+ Kf7 31. Rh7+ Kg6 32. Qg8# 1-0


[Site "https://www.chess.com"]

[Event "Titled Tuesday Blitz July 25 Early 2023"]
[White "Lisjak, Zlatko"]
[Black "Winkels, Marcel"]
[WhiteFideId "14502186"]
[BlackFideId "1003887"]
[WhiteElo "2116"]
[BlackElo "2042"]
[Result "0-1"]
[Round "11"]
[TimeControl "180+2"]
[Date "2023.07.25"]
[WhiteClock "0:00:00"]
[BlackClock "0:00:25"]
[Board "157"]

1. e4 c5 2. b4 cxb4 3. Bb2 Nf6 4. e5 Nd5 5. a3 e6 6. axb4 Bxb4 7. Nf3 O-O 8. c4 Ne7 9. Nc3 d6 10. exd6 Bxd6 11. d4 Nbc6 12. Bd3 Ng6 13. O-O b6 14. Rc1 Bb7 15. Ne4 Be7 16. Bb1 Rc8 17. d5 exd5 18. cxd5 Na5 19. Rxc8 Qxc8 20. d6 Bd8 21. Qd4 f6 22. Ba2+ Kh8 23. Neg5 Qd7 24. Ne6 Re8 25. Re1 Bxf3 26. gxf3 Ne5 27. Kg2 Qb7 28. Qf4 Ng6 29. Qf5 Nh4+ 30. Kh3 Nxf5 0-1


[Site "https://www.chess.com"]